 Dungeon Crawl Stone Soup version 0.27-a0-1186-g8b4daa1eef (webtiles) character file.

Game seed: 1368555334915580935

2466 robertstho the Thaumaturge (level 9, 0/57 HPs)
             Began as a Djinni Fire Elementalist on May 19, 2021.
             Was an Initiate of Makhleb.
             Killed by divine providence
             ... invoked by an orc priest
              (12 damage)
             ... on level 8 of the Dungeon.
             The game lasted 00:12:34 (8708 turns).

robertstho the Thaumaturge (DjFE)                   Turns: 8708, Time: 00:12:35

Health: 0/57       AC:  7    Str:  7    XL:     9   Next: 80%
Gold:   380        EV: 13    Int: 20    God:    Makhleb [......] SH:  0 Dex: 14

rFire    + + .     SeeInvis .   v - +2 short sword (holy)
rCold    . . .     Faith    .   (no shield)
rNeg     . . .     Spirit   .   A - +0 steam dragon scales
rPois    ∞         Reflect  .   l - +0 helmet
rElec    .         Harm     .   i - +0 cloak
rCorr    .         Rampage  .   (no gloves)
Will     .....                  (boots unavailable)
Stlth    ++........             (no amulet)
HPRegen  0.19/turn              q - ring of wizardry
MPRegen  0.00/turn              g - ring of protection from cold

@: flying, very slightly contaminated
A: sickness immunity, fire resistance 2, cold vulnerability 1, float, innate
caster, hp casting, extra vitality 1
a: Renounce Religion


You were on level 8 of the Dungeon.
You worshipped Makhleb.
Makhleb was noncommittal.
You visited 2 branches of the dungeon, and saw 9 of its levels.

You collected 380 gold pieces.

Inventory:

Hand Weapons
 j - a +2 whip of venom
 n - a +2 short sword of venom
 t - a +1 short sword of speed
 v - a +2 short sword of holy wrath (weapon)
Armour
 i - a +0 cloak (worn)
 l - a +0 helmet (worn)
 A - +0 steam dragon scales (worn)
Jewellery
 g - a ring of protection from cold (right hand)
 k - a ring of magical power
 q - a ring of wizardry (left hand)
 y - a ring of ice
Wands
 m - a wand of iceblast (4)
 r - a wand of digging (3)
 w - a wand of paralysis (10)
 z - a wand of acid (9)
Scrolls
 a - a scroll of vulnerability {unknown}
 c - a scroll of torment {unknown}
 d - a scroll of acquirement {unknown}
 e - a scroll of enchant weapon
 f - 2 scrolls of noise {unknown}
 h - 2 scrolls of enchant armour
 o - 3 scrolls of blinking {unknown}
 s - 3 scrolls of magic mapping
 C - a scroll of holy word
 E - a scroll of teleportation
Potions
 b - 2 potions of brilliance
 p - 2 potions of lignification {unknown}
 u - 3 potions of curing {unknown}
 x - a potion of mutation {unknown}
 B - a potion of berserk rage {unknown}
 D - a potion of ambrosia {unknown}


   Skills:
 + Level 1.2 Fighting
 + Level 3.3 Dodging
 + Level 3.6 Stealth
 * Level 9.1 Spellcasting
 * Level 2.2 Invocations


You had 2 spell levels left.
You knew the following spells:

 Your Spells              Type           Power      Damage    Failure   Level
a - Foxfire               Conj/Fire      100%       2x1d9     1%          1
b - Conjure Flame         Conj/Fire      45%        6-21      1%          3
c - Inner Flame           Hex/Fire       45%        N/A       1%          3
d - Sticky Flame          Conj/Fire      45%        2d6       1%          4
e - Fireball              Conj/Fire      22%        3d10      1%          5
f - Pain                  Necr           100%       1d9       1%          1
g - Poisonous Vapours     Pois/Air       90%        N/A       1%          2
h - Searing Ray           Conj           90%        3d6       1%          2
i - Mephitic Cloud        Conj/Pois/Air  45%        N/A       1%          3
Your spell library was empty.

Dungeon Overview and Level Annotations

Branches:
Dungeon (8/15)             Temple (1/1) D:5
   Lair: D:8-11

Altars:
Cheibriados
Elyvilon
Hepliaklqana
Kikubaaqudgha
Makhleb
Nemelex Xobeh
Okawaru
Qazlal
Ru
Sif Muna
Trog
Uskayaw
Vehumet
Wu Jian
Xom
Yredelemnul
Zin
The Shining One

Annotations:
D:5 freelancePsychic's ghost, amateur FeTm


Innate Abilities, Weirdness & Mutations

You are immune to sickness and miasma.
You are immune to poison.
Your flesh is very heat resistant. (rF++)
You are vulnerable to cold. (rC-)
You float through the air rather than walking.
You learn spells naturally, not from books.
Your magical power is your life essence.
You have superior vitality. (+4 HP)


Message History

An orc comes into view. It is wielding a +0 dagger.
Casting: Fireball (dangerous; 1% risk of failure)
Confirm with . or Enter, or press ? or * to list all spells.
Aiming: Fireball (dangerous; 1% risk of failure)
Press: ? - help, Shift-Dir - straight line, f - orc
Aim: an orc, wielding a +0 dagger The fireball explodes!
The fireball engulfs the orc!
You kill the orc!
Makhleb accepts your kill.
You hear a shout! x2
Casting: Fireball (dangerous; 1% risk of failure)
Confirm with . or Enter, or press ? or * to list all spells.
Aiming: Fireball (dangerous; 1% risk of failure)
Press: ? - help, Shift-Dir - straight line, f - wight
Aim: a wight, wielding a +2 scimitar of freezing and wearing a +0 robe The fireball explodes!
The fireball engulfs the wight!
The wight is heavily damaged.
Unknown command.
Casting: Fireball (dangerous; 1% risk of failure)
Confirm with . or Enter, or press ? or * to list all spells.
Aiming: Fireball (dangerous; 1% risk of failure)
Press: ? - help, Shift-Dir - straight line, f/p - wight
Aim: a wight, wielding a +2 scimitar of freezing and wearing a +0 robe (heavily damaged)
The fireball explodes!
The fireball engulfs the wight!
The wight is almost destroyed.
* * * LOW HITPOINT WARNING * * *
An orc priest comes into view. It is wielding a +0 war axe.
Casting: Fireball (dangerous; 1% risk of failure)
Confirm with . or Enter, or press ? or * to list all spells.
Aiming: Sticky Flame (dangerous; 1% risk of failure)
Press: ? - help, Shift-Dir - straight line, f/p - wight
Aim: a wight, wielding a +2 scimitar of freezing and wearing a +0 robe (almost destroyed, 100% to hit)
You miscast Sticky Flame.
You are very lightly contaminated with residual magic.
Nothing appears to happen.
* * * LOW HITPOINT WARNING * * *
The wight closely misses you.
The orc priest calls down the wrath of Beogh upon you.
Beogh smites you!
You die...

# #. .# .
### #.#..
#.#.#####
#....<..#
###@#+#.#
#
#...o.#)#
#.z...).#
#....####
#....#
#....#
#....#
#...)#
#.....


You could see a wight and an orc priest.

Vanquished Creatures
  Maggie (D:6)
  Prince Ribbit (D:6)
  A steam dragon (D:8)
  A water moccasin (D:7)
  Duvessa (D:4)
  2 sky beasts
  An orc warrior (D:7)
  A necrophage (D:5)
  A centaur (D:7)
  2 ogres
  A phantom (D:4)
  A kobold brigand (D:7)
  A bullfrog (D:7)
  2 wyvern zombies
  Dowan (D:4)
  2 wights (D:8)
  A centaur zombie (D:7)
  3 bullfrog zombies
  A hound (D:7)
  2 jellies (D:5)
  A bullfrog skeleton (D:5)
  An orc priest (D:8)
  Natasha (thrice) (D:4)
  An orc wizard (D:7)
  Robin (D:2)
  11 adders
  2 white imps
  An ufetubus (D:5)
  2 worms
  3 dart slugs
  7 orcs
  10 ball pythons
  7 bats
  8 endoplasms
  2 giant cockroaches
  15 goblins
  6 hobgoblins
  4 jackals (D:1)
  4 quokkas
  4 frilled lizards
  14 kobolds
  2 rats (D:2)
136 creatures vanquished.

Vanquished Creatures (collateral kills)
  2 foxfires (D:3)
2 creatures vanquished.

Vanquished Creatures (others)
  459 foxfires
  2 fungi (D:2)
  5 plants (D:2)
466 creatures vanquished.

Grand Total: 604 creatures vanquished

Notes
Turn   | Place    | Note
-------+----------+-------------------------------------------
     0 | D:1      | robertstho the Djinni Fire Elementalist began the quest for
                  | the Orb.
     0 | D:1      | Reached XP level 1. HP: 15/15 MP: 0/0
   106 | D:1      | Reached XP level 2. HP: 10/21 MP: 0/0
   740 | D:1      | Reached skill level 3 in Spellcasting
   845 | D:1      | Reached XP level 3. HP: 22/25 MP: 0/0
   845 | D:1      | Learned a level 1 spell: Pain
  1949 | D:2      | Noticed Robin
  1957 | D:2      | Reached XP level 4. HP: 17/31 MP: 0/0
  1960 | D:2      | Killed Robin
  2381 | D:2      | Found a faded altar of an unknown god.
  3042 | D:3      | Noticed a sky beast
  3051 | D:3      | Killed a sky beast
  3052 | D:3      | Reached skill level 4 in Spellcasting
  3052 | D:3      | Reached XP level 5. HP: 13/35 MP: 0/0
  3052 | D:3      | Learned a level 2 spell: Poisonous Vapours
  3369 | D:3      | Reached XP level 6. HP: 38/40 MP: 0/0
  3558 | D:3      | Found a hide-covered altar of Uskayaw.
  3980 | D:3      | Reached skill level 5 in Spellcasting
  4220 | D:3      | Found a sparkling altar of Nemelex Xobeh.
  4568 | D:4      | Noticed Natasha
  4573 | D:4      | Killed Natasha
  4574 | D:4      | Reached XP level 7. HP: 40/45 MP: 0/0
  4574 | D:4      | Learned a level 2 spell: Searing Ray
  4642 | D:4      | Noticed Dowan
  4648 | D:4      | Killed Dowan
  4659 | D:4      | Noticed Natasha
  4666 | D:4      | Killed Natasha
  4769 | D:4      | Noticed Duvessa
  4798 | D:4      | Noticed Natasha
  4802 | D:4      | Killed Natasha
  4969 | D:4      | Found an ornate altar of the Wu Jian Council.
  5011 | D:4      | Found a sacrificial altar of Ru.
  5280 | D:4      | Killed Duvessa
  5281 | D:4      | Reached skill level 6 in Spellcasting
  5423 | D:5      | Entered Level 5 of the Dungeon
  5510 | D:5      | Reached XP level 8. HP: 27/50 MP: 0/0
  6030 | D:5      | Found a snail-covered altar of Cheibriados.
  6090 | D:5      | Found a runed translucent door.
  6347 | D:5      | Found a staircase to the Ecumenical Temple.
  6363 | D:5      | Reached skill level 7 in Spellcasting
  6371 | Temple   | Entered the Ecumenical Temple
  6378 | Temple   | Became a worshipper of Makhleb the Destroyer
  6453 | D:5      | Noticed freelancePsychic's ghost (amateur FeTm)
  6824 | D:6      | Noticed Maggie
  6836 | D:6      | Killed Maggie
  6837 | D:6      | Reached skill level 1 in Invocations
  7055 | D:6      | Found a stormy altar of Qazlal.
  7103 | D:6      | Noticed Prince Ribbit
  7108 | D:6      | Killed Prince Ribbit
  7109 | D:6      | Reached skill level 8 in Spellcasting
  7109 | D:6      | Reached XP level 9. HP: 43/56 MP: 0/0
  7109 | D:6      | Learned a level 3 spell: Mephitic Cloud
  7296 | D:6      | Reached skill level 1 in Fighting
  7308 | D:6      | Identified the +0 plate armour "Orynt" {Rampage Str+4
                  | Slay+2 SInv}
  8694 | D:8      | Reached skill level 9 in Spellcasting
  8708 | D:8      | Killed from afar by an orc priest

Illustrated notes

Levels and vault maps discovered:
D:1:      sevenhm_arrival_forest_fort_small_4, layout_basic
D:2:      layout_basic, shapermc_ecumenical_altar_mp_ritualfount, uniq_robin
D:3:      layout_basic, nicolae_uskayaw_suspiria,
          nemelex_xobeh_ov_fountains_minmay, minmay_misc_feat_cross,
          serial_bayou_pond_b
D:4:      minmay_inner_zag, layout_basic, nicolae_ru_sacrificial_ziggurat,
          lemuel_crystal_altar, uniq_purgy, uniq_natasha, uniq_duvessa
D:5:      layout_cave_pools, slow_altar_1, minmay_temple_entry_drinking_statues,
          ebering_ghost_sewer_d
D:6:      layout_loops_ring, nicolae_qazlal_scattered_showers,
          uniq_prince_ribbit1, uniq_maggie
D:7:      layout_basic
D:8:      layout_basic, lemuel_doored_altar, erik_lair_orcish_takeover,
          chequers_serial_rivers_micro_e, minmay_misc_feat_tower,
          chequers_guarded_unrand_ignorance
Temple:   nicolae_temple_no_exploring_needed

Skill      XL: |  1  2  3  4  5  6  7  8  9 |
---------------+----------------------------+-----
Spellcasting   | 3 4 5 6 8 9 |  9.1
Stealth        | 2 3 |  3.6
Dodging        | 3 |  3.3
Invocations    | 1 2 |  2.2
Fighting       | 1 |  1.2

Action                   |  1- 3 |  4- 6 |  7- 9 || total
-------------------------+-------+-------+-------++-------
Melee: Short sword       |       |       |     9 ||     9
 Cast: Foxfire           |    72 |   128 |    89 ||   289
       Sticky Flame      |       |     1 |    15 ||    16
       Fireball          |       |       |    39 ||    39
       Poisonous Vapours |       |       |     5 ||     5
  Use: Scroll            |       |     2 |     5 ||     7
       Potion            |       |       |     4 ||     4
 Stab: Sleeping          |       |       |     2 ||     2
Armor: Robe              |     3 |       |       ||     3
       Animal skin       |       |     5 |     7 ||    12
Dodge: Dodged            |     7 |     4 |    22 ||    33

Table legend: (Time is in decaauts)
 A = Elapsed time spent in this place.
 B = Non-inter-level travel time spent in this place.
 C = Inter-level travel time spent in this place.
 D = Time resting spent in this place.
 E = Time spent auto-exploring this place.
 F = Levels seen in this place.
 G = Mean time per level.
                   A        B        C        D        E       F      G
               +--------+--------+--------+--------+--------+-----+--------+
         Total |   8685 |   8473 |    212 |    790 |   6834 |   9 |  965.0 |
       Dungeon |   8671 |   8466 |    205 |    790 |   6834 |   8 | 1083.9 |
        Temple |     14 |      7 |      7 |      0 |      0 |   1 |   14.0 |
               +--------+--------+--------+--------+--------+-----+--------+

Top non-repeatable levels by time:
     D:4: 1562 daAuts
     D:2: 1525 daAuts
     D:1: 1462 daAuts
     D:3: 1320 daAuts
     D:6: 978 daAuts
     D:7: 975 daAuts
     D:5: 823 daAuts
     D:8: 21 daAuts
  Temple: 14 daAuts
